 Dungeon Crawl Stone Soup version 0.27.0-1-g7a089689b8 (webtiles) character file.

Game seed: 3395771188620227743

6 Malachi the Sneak (level 1, -1/13 HPs)
             Began as a Vampire Enchanter on Aug 17, 2021.
             Slain by a hobgoblin (4 damage)
             ... on level 1 of the Dungeon.
             The game lasted 00:01:06 (192 turns).

Malachi the Sneak (Vampire Enchanter)                Turns: 192, Time: 00:01:06

Health: -1/13      AC:  2    Str:  7    XL:     1   Next: 75%
Magic:  3/3        EV: 12    Int: 17    God:
Gold:   19         SH:  0    Dex: 14    Spells: 3/4 levels left

rFire    . . .     SeeInvis +   a - +1 dagger
rCold    . . .     Faith    .   (no shield)
rNeg     . . .     Spirit   .   b - +0 robe
rPois    .         Reflect  .   (no helmet)
rElec    .         Harm     .   (no cloak)
rCorr    .         Rampage  .   (no gloves)
Will     .....                  (no boots)
Stlth    +++.......             (no amulet)
HPRegen  0.24/turn              (no ring)
MPRegen  0.08/turn              (no ring)

@: healing quickly
A: alive, fangs 3, see invisible, vampiric 1
a: Exsanguinate


You were on level 1 of the Dungeon.
You visited 1 branch of the dungeon, and saw 1 of its levels.

You collected 19 gold pieces.

Inventory:

Hand Weapons
 a - a +1 dagger (weapon)
Missiles
 c - 30 stones (quivered)
Armour
 b - a +0 robe (worn)


   Skills:
 - Level 1.3 Short Blades
 - Level 2.2 Dodging
 * Level 4.8 Stealth
 - Level 2.0 Spellcasting
 - Level 4.4 Hexes


You had 3 spell levels left.
You knew the following spells:

 Your Spells              Type           Power      Damage    Failure   Level
a - Corona                Hex            17%        N/A       3%          1

Your spell library contained the following spells:

 Spells                   Type           Power      Damage    Failure   Level
 Confusing Touch          Hex            16%        N/A       10%         3
 Tukima's Dance           Hex            16%        N/A       10%         3
 Ensorcelled Hibernation  Hex/Ice        18%        N/A       12%         2
 Dazzling Flash           Conj/Hex       18%        N/A       24%         3


Dungeon Overview and Level Annotations

Branches:
Dungeon (1/15)

Altars:


Innate Abilities, Weirdness & Mutations

Your natural rate of healing is accelerated.
You have razor-sharp teeth.
You have supernaturally acute eyesight. (SInv)
You are afflicted with vampirism.


Message History

You throw a stone. The stone barely misses the rat.
The stone hits the hobgoblin but does no damage.
The rat bites you.
Throw: 33 stones
Press: ? - help, Q - select action, (/) - cycle Shift-Dir - straight line, f/p - rat
Aim: a rat (57% to hit)
You throw a stone.
The stone hits the rat but does no damage.
The rat bites you but does no damage. x2
You hit the rat.
You kill the rat!
You hit the hobgoblin but do no damage.
Throw: 32 stones
Press: ? - help, Q - select action, (/) - cycle Shift-Dir - straight line, f - hobgoblin
Aim: a hobgoblin, wielding a +0 short sword and quivering stones (57% to hit)
You throw a stone. The stone closely misses the hobgoblin.
The stone hits the endoplasm but does no damage.
The endoplasm is heavily wounded.
The hobgoblin hits you with a +0 short sword.
* * * LOW HITPOINT WARNING * * *
The hobgoblin completely misses you.
You closely miss the hobgoblin. Your bite misses the hobgoblin.
You hit the hobgoblin.
The hobgoblin is moderately wounded.
The hobgoblin closely misses you.
The hobgoblin throws a stone.
The stone hits you.
* * * LOW HITPOINT WARNING * * *
Throw: 31 stones
Press: ? - help, Q - select action, (/) - cycle Shift-Dir - straight line, f/p - hobgoblin
Aim: a hobgoblin, wielding a +0 short sword and quivering stones (moderately wounded, 57% to hit)
You throw a stone. The stone hits the hobgoblin.
The hobgoblin is heavily wounded.
The hobgoblin hits you with a +0 short sword.
* * * LOW HITPOINT WARNING * * *
You hit the hobgoblin but do no damage.
The hobgoblin is heavily wounded.
You closely miss the hobgoblin.
The hobgoblin is heavily wounded.
The hobgoblin hits you with a +0 short sword.
You die...

#.....8....
#..##...##.
#...##.##..
########....#'#..#
#...........#'#..#
#.#######..##⌠##..
#.# #..+⌠<⌠+.. #.#
#..##⌠##.. #@#
##...#+#..# #g#
#....#+#..# #J#
#...##.##.. #J#
#..##...##. #.#
##....)8.... #.#
#..######### #.#
#.## #(# #)#
#####(# #.#


You could see 2 endoplasms and a hobgoblin.

Vanquished Creatures
  An endoplasm (D:1)
  A giant cockroach (D:1)
  A goblin (D:1)
  2 frilled lizards (D:1)
  A rat (D:1)
6 creatures vanquished.

Notes
Turn   | Place    | Note
-------+----------+-------------------------------------------
     0 | D:1      | Malachi the Vampire Enchanter began the quest for the Orb.
     0 | D:1      | Reached XP level 1. HP: 13/13 MP: 3/3
   192 | D:1      | Slain by a hobgoblin

Illustrated notes

Levels and vault maps discovered:
D:1:      grunt_arrival_crossed_arrows, layout_basic, minmay_heptomino_o4

Action                   || total
-------------------------++-------
Melee: Dagger            ||    35
       Bite              ||     3
Throw: Stone             ||    20
 Cast: Corona            ||     1
Armor: Robe              ||    15
Dodge: Dodged            ||    32
